 Dungeon Crawl Stone Soup version 0.29.1-12-g30fa7ad0bf (webtiles) character file.

Game seed: 18271525967268721186

279 wormed the Blocker (level 6, -7/53 HPs)
             Began as a Gnoll Wanderer on Dec 24, 2022.
             Killed by nerve-wracking pain
             ... invoked by an orc priest
              (13 damage)
             ... on level 4 of the Dungeon.
             The game lasted 00:07:24 (4579 turns).

wormed the Blocker (Gnoll Wanderer)                 Turns: 4579, Time: 00:07:25

Health: -7/53      AC: 16    Str: 17    XL:     6   Next: 26%
Magic:  9/9        EV:  7    Int:  9    God:
Gold:   352        SH:  6    Dex: 10    Spells: 9/9 levels left

rFire   + . .      SeeInvis .   A - +2 whip (elec)
rCold   + . .      Faith    .   e - +0 buckler {AC+3}
rNeg    . . .      Spirit   .   q - +0 chain mail
rPois   .          Reflect  .   B - +0 helmet
rElec   .          Harm     .   a - scarf {rC+ rF+}
rCorr   .          Rampage  .   m - +0 pair of gloves
Will    .....                   s - +0 pair of boots
Stlth   ..........              (no amulet)
HPRegen 0.17/turn               (no ring)
MPRegen 0.11/turn               (no ring)

@: no status effects
A: fangs 1, strong nose, distributed training
a: no special abilities


You were on level 4 of the Dungeon.
You visited 1 branch of the dungeon, and saw 4 of its levels.

You collected 352 gold pieces.

Inventory:

Hand Weapons
 r - a +0 trident
 z - a +0 spear of venom
 A - a +2 whip of electrocution (weapon)
Armour
 a - a scarf of resistance (worn)
 e - a +0 buckler of protection (worn)
 l - an orb of mayhem
 m - a +0 pair of gloves (worn)
 q - a +0 chain mail (worn)
 s - a +0 pair of boots (worn)
 B - a +0 helmet (worn)
Wands
 h - a wand of iceblast (4)
Scrolls
 c - 2 scrolls of fear {unknown}
 f - a scroll of enchant armour {unknown}
 g - 3 scrolls of enchant weapon {unknown}
 i - a scroll of blinking {unknown}
 j - a scroll of silence {unknown}
 n - a scroll of acquirement {unknown}
 p - 2 scrolls of magic mapping {unknown}
 v - a scroll of teleportation {unknown}
 y - a scroll of identify {unknown}
 C - a scroll of noise {unknown}
Potions
 b - 2 potions of attraction
 d - 3 potions of haste
 k - a potion of mutation {unknown}
 o - 3 potions of flight {unknown}
 t - a potion of cancellation {unknown}
 u - a potion of heal wounds {unknown}
 w - a potion of magic {unknown}
 x - a potion of curing {unknown}


   Skills:
 + Level 6.8 Fighting
 + Level 2.0 Short Blades
 + Level 2.0 Long Blades
 + Level 2.0 Axes
 + Level 2.0 Maces & Flails
 + Level 2.0 Polearms
 + Level 2.0 Staves
 + Level 2.0 Ranged Weapons
 + Level 2.0 Throwing
 + Level 5.0 Armour
 + Level 2.0 Dodging
 + Level 3.1 Stealth
 + Level 8.7 Shields
 + Level 2.0 Unarmed Combat
 + Level 2.0 Spellcasting
 + Level 1.5 Conjurations
 + Level 1.5 Hexes
 + Level 1.5 Summonings
 + Level 1.5 Necromancy
 + Level 1.5 Translocations
 + Level 1.5 Transmutations
 + Level 1.5 Fire Magic
 + Level 1.5 Ice Magic
 + Level 1.5 Air Magic
 + Level 1.5 Earth Magic
 + Level 1.5 Poison Magic
 + Level 2.1 Invocations
 + Level 2.0 Evocations


You had 9 spell levels left.
You didn't know any spells.
Your spell library contained the following spells:

 Spells                   Type           Power      Damage    Failure   Level
 Shock                    Conj/Air       12%        1d3       96%         1
 Ignite Poison            Fire/Tmut/Pois 3%         N/A       100%        3
 Mephitic Cloud           Conj/Pois/Air  3%         N/A       100%        3
 Swiftness                Air            3%         N/A       100%        3
 Airstrike                Air            1%         2d(1-17)  100%        4
 Freezing Cloud           Conj/Ice/Air   1%         6-21      100%        5


Dungeon Overview and Level Annotations

Branches:
Dungeon (4/15)             Temple (0/1) D:4

Altars:
Uskayaw
Yredelemnul

Shops:
D:1 (   D:3 ?


Innate Abilities, Weirdness & Mutations

You have very sharp teeth.
Your uncanny sense of smell can sniff out nearby items.
Your experience applies equally to all skills.


Message History

The orc priest hits you but does no damage.
You closely miss the orc priest. The orc hits you but does no damage.
You hit the orc priest.
The orc priest is lightly wounded.
The orc closely misses you.
The orc priest hits you but does no damage. x2
You whack the orc priest!
The orc priest is heavily wounded.
The orc barely misses you. You block the orc priest's attack.
The orc priest looks satisfied for a moment.
You hit the orc priest. You bite the orc priest.
The orc priest is almost dead.
The orc hits you but does no damage.
The orc priest hits you with a +0 dagger.
The orc priest barely misses you.
You closely miss the orc priest.
The orc priest is almost dead.
The orc hits you but does no damage.
The orc priest hits you but does no damage. x2
You barely miss the orc priest.
The orc priest is almost dead.
The orc hits you but does no damage.
The orc priest mumbles some strange prayers to Beogh against you.
Pain shoots through your body!
The orc priest calls upon Beogh to heal the orc priest.
The orc priest is healed somewhat.
You hit the orc priest but do no damage.
Your bite misses the orc priest. The orc hits you with a +0 dagger.
The orc priest hits you but does no damage.
You block the orc priest's attack.
You hit the orc priest.
The orc priest is almost dead.
The orc hits you but does no damage.
The orc priest mumbles some strange prayers to Beogh against you.
Pain shoots through your body!
* * * LOW HITPOINT WARNING * * *
The orc priest closely misses you. You block the orc's attack.
The orc priest mumbles some strange prayers to Beogh against you.
Pain shoots through your body!
You die...

'......#.........#.......#
#......#.........#.......#
#......#.........+.......#
#.##...##.....########...#
#.##...##.....####..##...#
..#....#.................#
..#....#)................#
..#....'.................#
..#...)#........@o.......#
..###..#########oo.###'###
#####..###...# #+#####...#
....#........# #.....#
....#.......<# #..o..#
....#.......)# #.^oo.#
....#...[.)..# +..o..#
...>#........# #.....#
....#........# #....$#


You could see 2 orc priests and an orc.

Vanquished Creatures
  A necrophage (D:3)
  An orc priest (D:4)
  Ijyb (D:3)
  Robin (D:4)
  6 adders
  3 worms
  A dart slug (D:4)
  7 orcs
  3 bats
  10 endoplasms
  2 giant cockroaches (D:1)
  15 goblins
  7 hobgoblins
  2 jackals (D:1)
  2 quokkas
  7 ball pythons
  12 frilled lizards
  5 kobolds
  3 rats
89 creatures vanquished.

Vanquished Creatures (others)
  8 plants (D:2)
8 creatures vanquished.

Grand Total: 97 creatures vanquished

Notes
Turn   | Place    | Note
-------+----------+-------------------------------------------
     0 | D:1      | wormed the Gnoll Wanderer began the quest for the Orb.
     0 | D:1      | wormed set off with the following items: a +0 club, a
                  | potion of attraction, a +0 ring mail, a potion of haste, a
                  | +0 buckler of protection.
     0 | D:1      | Reached XP level 1. HP: 23/23 MP: 1/1
   345 | D:1      | Reached XP level 2. HP: 29/29 MP: 2/2
   588 | D:1      | Found Qofadon's Antique Weapon Boutique.
   687 | D:1      | Found a faded altar of an unknown god.
   935 | D:2      | Reached XP level 3. HP: 35/35 MP: 3/3
   976 | D:2      | Reached skill level 1 in Invocations
  1299 | D:2      | Reached skill level 1 in Short Blades
  1299 | D:2      | Reached skill level 1 in Long Blades
  1299 | D:2      | Reached skill level 1 in Axes
  1299 | D:2      | Reached skill level 1 in Maces & Flails
  1299 | D:2      | Reached skill level 1 in Polearms
  1299 | D:2      | Reached skill level 1 in Staves
  1299 | D:2      | Reached skill level 1 in Ranged Weapons
  1299 | D:2      | Reached skill level 1 in Throwing
  1299 | D:2      | Reached skill level 1 in Dodging
  1299 | D:2      | Reached skill level 1 in Unarmed Combat
  1299 | D:2      | Reached skill level 1 in Spellcasting
  1299 | D:2      | Reached skill level 1 in Evocations
  1458 | D:2      | Reached XP level 4. HP: 19/41 MP: 5/5
  2317 | D:3      | Reached skill level 1 in Conjurations
  2317 | D:3      | Reached skill level 1 in Hexes
  2317 | D:3      | Reached skill level 1 in Summonings
  2317 | D:3      | Reached skill level 1 in Necromancy
  2317 | D:3      | Reached skill level 1 in Translocations
  2317 | D:3      | Reached skill level 1 in Transmutations
  2317 | D:3      | Reached skill level 1 in Fire Magic
  2317 | D:3      | Reached skill level 1 in Ice Magic
  2317 | D:3      | Reached skill level 1 in Air Magic
  2317 | D:3      | Reached skill level 1 in Earth Magic
  2317 | D:3      | Reached skill level 1 in Poison Magic
  2625 | D:3      | Found Yrghaluq's Magic Scroll Boutique.
  2710 | D:3      | Found a hide-covered altar of Uskayaw.
  3273 | D:4      | Noticed Robin
  3285 | D:3      | Reached XP level 5. HP: 46/47 MP: 7/7
  3342 | D:4      | Killed Robin
  3445 | D:4      | Noticed Ijyb
  3870 | D:3      | Killed Ijyb
  3946 | D:4      | Reached XP level 6. HP: 25/53 MP: 8/8
  4145 | D:4      | Reached skill level 5 in Armour
  4289 | D:4      | Found a staircase to the Ecumenical Temple.
  4419 | D:4      | Found a basalt altar of Yredelemnul.
  4579 | D:4      | Killed from afar by an orc priest

Illustrated notes

Levels and vault maps discovered:
D:1:      minmay_arrival_plants_in_alcoves, layout_loops_ring, serial_shops,
          shop, shapermc_ecumenical_altar_mp_ritualfount,
          nicolae_kite_square_tiling_tiny
D:2:      layout_basic, minmay_lizard_king
D:3:      layout_loops_ring, amcnicky_altar_gilded, serial_shops,
          nicolae_diamond_shop, columned_hall_lemuel,
          chequers_serial_rivers_room_b
D:4:      layout_gridville, lemuel_round_altar, minmay_temple_entry_crystal_x,
          uniq_robin, uniq_ijyb

Skill      XL: |  1  2  3  4  5  6 |
---------------+-------------------+-----
Invocations    | 1 2 |  2.1
Short Blades   | 1 2 |  2.0
Long Blades    | 1 2 |  2.0
Axes           | 1 2 |  2.0
Maces & Flails | 1 2 |  2.0
Polearms       | 1 2 |  2.0
Staves         | 1 2 |  2.0
Ranged Weapons | 1 2 |  2.0
Throwing       | 1 2 |  2.0
Dodging        | 1 2 |  2.0
Unarmed Combat | 1 2 |  2.0
Spellcasting   | 1 2 |  2.0
Evocations     | 1 2 |  2.0
Conjurations   | 1 |  1.5
Hexes          | 1 |  1.5
Summonings     | 1 |  1.5
Necromancy     | 1 |  1.5
Translocations | 1 |  1.5
Transmutations | 1 |  1.5
Fire Magic     | 1 |  1.5
Ice Magic      | 1 |  1.5
Air Magic      | 1 |  1.5
Earth Magic    | 1 |  1.5
Poison Magic   | 1 |  1.5
Stealth        | 3 |  3.1
Armour         | 5 |  5.0
Fighting       | |  6.8
Shields        | |  8.7

Action                   |  1- 3 |  4- 6 || total
-------------------------+-------+-------++-------
Melee: Club              |    24 |       ||    24
       Spear             |   146 |   162 ||   308
       Bite              |    12 |    17 ||    29
       Whip              |       |    39 ||    39
 Stab: Sleeping          |       |     1 ||     1
Armor: Ring mail         |    84 |     6 ||    90
       Chain mail        |       |   102 ||   102
Dodge: Dodged            |    87 |    54 ||   141
Block: Buckler           |    50 |    54 ||   104
